 Dungeon Crawl Stone Soup version 0.16-a0-4083-g5af668b (webtiles) character file.

779536 dysrexia the Shatterer (level 27, -17/156 HPs)
             Began as a Vine Stalker Gladiator on Feb 22, 2015.
             Was the Champion of Ashenzari.
             Killed by gravitational forces
             ... invoked by a singularity
             ... created by Gounn
              (20 damage)
             ... in Pandemonium.
             The game lasted 06:36:37 (53330 turns).

dysrexia the Shatterer (Vine Stalker Gladiator)    Turns: 53330, Time: 06:36:37

Health: -17/156    AC: 40    Str: 37      XL:     27
Magic:  0/40       EV: 21    Int: 12 (15) God:    Ashenzari [******]
Gold:   4371       SH: 20    Dex: 17      Spells: 6 memorised, 20 levels left

rFire  + + .     SeeInvis +     g - +9 eveningstar (flame) (curse)
rCold  + + .     Clarity  +     r - +9 plate armour of Hiwnugho {rF+ rN++ Str+4 Dex-3} (curse)
rNeg   + + .     SustAb   .     V - +2 shield of Resistance {rF+ rC+ MR+} (curse)
rPois  +         Gourm    .     c - +1 helmet (curse)
rElec  +         Spirit   +     X - +1 cloak (curse)
rCorr  .         Warding  .     Z - +1 pair of gloves (curse)
rMut   +         Stasis   .     F - +1 pair of boots "Cevuj" {Int+7} (curse)
MR     ++++.                    u - amulet of resist mutation (curse)
Stlth  ..........               b - ring of protection from cold (curse)
                                Y - ring "Zuonij" {rElec rPois Str+7 Stlth-} (curse)

@: very slightly contaminated, incredibly resistant to hostile enchantments,
extremely unstealthy
A: fangs 3, hooves 1, iridescent scales 1, blurry vision 1, deformed body,
deterioration 1, regeneration 3, screaming 1, magic shield, antimagic bite, no
device heal 3, rot immunity
a: Scrying, Transfer Knowledge, Renounce Religion
}: 7/15 runes: serpentine, barnacled, slimy, silver, abyssal, demonic, glowing


You were in Pandemonium.
You worshipped Ashenzari.
Ashenzari was exalted by your worship.
You were very hungry.

You visited 9 branches of the dungeon, and saw 56 of its levels.
You visited Pandemonium 2 times, and saw 12 of its levels.
You visited the Abyss 2 times.
You visited 1 bazaar.
You also visited: Trove, Volcano and Wizlab.

You collected 8060 gold pieces.
You spent 3689 gold pieces at shops.

Inventory:

Hand weapons
 g - a cursed +9 eveningstar of flaming (weapon)
 G - a +4 sacred scourge of holy wrath
Missiles
 d - 18 throwing nets (quivered)
Armour
 c - a cursed +1 helmet (worn)
 r - the cursed +9 plate armour of Hiwnugho (worn) {rF+ rN++ Str+4 Dex-3}
   (You bought it in a shop in a bazaar)

   It affects your strength (+4).
   It affects your dexterity (-3).
   It protects you from fire.
   It greatly protects you from negative energy.
   It has a curse placed upon it.
 v - a +1 pair of boots of flying
 F - the cursed +1 pair of boots "Cevuj" (worn) {Int+7}
   (You bought it in a shop on level 15 of the Dungeon)

   It affects your intelligence (+7).
   It has a curse placed upon it.
 V - the cursed +2 shield of Resistance (worn) {rF+ rC+ MR+}
   (You found it on level 5 of the Vaults)

   It protects you from fire.
   It protects you from cold.
   It affects your resistance to hostile enchantments.
   It has a curse placed upon it.
 X - a cursed +1 cloak (worn)
 Z - a cursed +1 pair of gloves (worn)
Jewellery
 b - a cursed ring of protection from cold (right hand)
 u - a cursed amulet of resist mutation (around neck)
 Y - the cursed ring "Zuonij" (left hand) {rElec rPois Str+7 Stlth-}
   (You found it on level 3 of the Elven Halls)

   [ring of poison resistance]

   It affects your strength (+7).
   It insulates you from electricity.
   It protects you from poison.
   It makes you less stealthy.
   It has a curse placed upon it.
Magical devices
 e - a wand of disintegration (7)
 j - a wand of digging (1)
 q - a wand of teleportation (6)
 t - a wand of fireball (2)
Scrolls
 a - 4 scrolls of blinking
 n - a scroll of enchant armour
 x - 22 scrolls of identify
 y - 2 scrolls of curse jewellery
 z - 10 scrolls of magic mapping
 B - 8 scrolls of teleportation
 C - 3 scrolls of curse armour
 H - 4 scrolls of remove curse
 K - 4 scrolls of amnesia
 L - 5 scrolls of recharging
 O - 7 scrolls of fog
 R - 4 scrolls of silence
 U - 8 scrolls of fear
Potions
 h - 7 potions of brilliance
 k - 7 potions of resistance
 o - 7 potions of might
 p - 18 potions of curing
 s - 3 potions of cure mutation
 A - 8 potions of magic
 D - 6 potions of haste
 I - 5 potions of agility
 N - 4 potions of cancellation
 S - 3 potions of flight
 W - 3 potions of invisibility
Miscellaneous
 w - a phantom mirror
 E - a phial of floods
 J - a disc of storms
 M - a lamp of fire
Comestibles
 f - 26 bread rations
 i - 21 meat rations
 l - a royal jelly


   Skills:
 + Level 19.7 Fighting
 + Level 23.1(26.4) Maces & Flails
 - Level 1.7 Throwing
 + Level 18.4(23.2) Armour
 + Level 17.4 Dodging
 + Level 17.0(19.4) Shields
 - Level 9.4 Spellcasting
 - Level 14.9(18.9) Charms
 - Level 6.6(11.1) Necromancy
 + Level 10.3(14.6) Air Magic


You had 20 spell levels left.
You knew the following spells:

 Your Spells              Type           Power        Failure   Level  Hunger
a - Haste                 Chrm           ######..     2%          6    #######
b - Apportation           Tloc           #.........   28%         1    None
c - Statue Form           Trmt/Erth      #........    100%        6    #######
d - Regeneration          Chrm/Necr      #####.....   1%          3    ##.....
e - Repel Missiles        Chrm/Air       #####.       1%          2    None
f - Deflect Missiles      Chrm/Air       #####.....   6%          6    #######


Dungeon Overview and Level Annotations

Branches:
Dungeon (15/15)            Temple (0/1) D:6            Lair (8/8) D:11
 Shoals (5/5) Lair:6        Snake (5/5) Lair:6        Slime (6/6) Lair:6
    Orc (4/4) D:12            Elf (3/3) Orc:3        Vaults (5/5) D:14
  Crypt (0/3) Vaults:2     Depths (5/5) D:15            Zot (0/5) Depths:5

Altars:
Ashenzari
Dithmenos
Elyvilon
Kikubaaqudgha
Makhleb
Qazlal
Sif Muna
Trog
Vehumet
Xom
The Shining One
Beogh
Jiyva

Shops:
D:4 *   D:6 :[=%   D:9 ?   D:11 *   D:14 ?:?   D:15 [   Orc:1 :   Orc:4 (:!*:
Elf:3 (   Shoals:2 =   Snake:4 (   Vaults:4 (   Depths:2 =   Depths:4 !:%

Portals:
Hell: Depths:1 Depths:2 Depths:3 Depths:4 Depths:5
Abyss: Depths:4
Pandemonium: Depths:3
Ziggurat: Depths:2

Annotations:
D:12 2 runed doors
Shoals:4 exclusion: Roxanne, Roxanne
Shoals:5 Agnes, Ilsuiw


Innate Abilities, Weirdness & Mutations

You have razor-sharp teeth.
You regenerate.
When hurt, damage is shared between your health and your magic reserves.
Your bite disrupts and absorbs the magic of your enemies.
Potions and wands cannot restore your health.
You are immune to rotting.
You have large cloven feet.
You are partially covered in iridescent scales (AC +4).
Scrolls take you a little longer to read.
Armour fits poorly on your strangely shaped body.
Your body is slowly deteriorating.
You occasionally shout uncontrollably at your foes.


Message History

* * * LOW HITPOINT WARNING * * *
The ynoxinul gestures.
You block Gounn's attack. The singularity violently warps you!
* * * LOW HITPOINT WARNING * * *
You collide with Gounn!
Blink to where?
Press: ? - help, Dir - move target cursor
As you read the scroll of blinking, it crumbles to dust.
A red devil comes into view. It is wielding an enchanted trident.
There is an open door here.
Gounn gestures next to you while chanting.
Space collapses on itself with a horrifying crunch!
The singularity violently warps you!
* * * LOW HITPOINT WARNING * * *
Unknown command.
Read which item? (? for menu, Esc to quit)
You block the red devil's attack.
You begin reading the scroll.
You continue reading the scroll.
The singularity twists you apart!
You die...

* ,,...#*∩, *,* , ,', ,,,∩ ,
,......# {{,,* , , ,,, ,,
,.......#**,,, ,, ,** , #* ,,**
........# **,,, * #...# * ,*
........# , #5... ** ........# *
** #..{. , * ........############
..55{ ##,##
............{#)....##* ..###.# .#
.............#..@...#{{#'#...#...
#...........#####*######{)...#...
##.........##..4.4&..#.{5....'...
##.......##.........#.{{...)#...
####'####.........2#{{{6...#
#.......#^.........'6§§§.$.# *
,#.......#..........#§§§....# ,
,,#.......#..........#.......#,,,
, +.......'..........#...)...#,,


You could see Gounn, a torturous chaos champion, a blizzard demon and a red
devil.

Vanquished Creatures
  the royal jelly (Slime:6)
  Mnoleg (Pan)
  The ghost of abixa the Slayer, a legendary OgBe of Trog (Slime:6)
  Boris (Vaults:4)
  Norris (Elf:2)
  Saint Roka (Elf:2)
  4 Killer Klowns (Pan)
  4 pandemonium lords (Pan)
  6 golden dragons
  Frederick (Depths:3)
  2 profane servitors (Abyss:4)
  8 bone dragons
  A Brimstone Fiend (Pan)
  Nikola (Depths:1)
  3 hellephants (Abyss:4)
  4 Ice Fiends (Pan)
  8 tentacled monstrosities
  Vashnia (Snake:4)
  3 Hell Sentinels (Pan)
  4 deep elf blademasters (Elf:3)
  3 liches
  Asterion (Vaults:2)
  4 titans
  A deep elf master archer (Elf:3)
  A quicksilver dragon (Depths:5)
  19 tentacled starspawn
  A Shadow Fiend (Depths:3)
  Polyphemus (Shoals:3)
  8 sphinxes
  5 Executioners
  6 shadow dragons
  15 acid blobs
  Rupert (Shoals:4)
  Kirke (Shoals:1)
  6 draconian monks (WizLab)
  Frances (Shoals:5)
  10 fire giants
  4 storm dragons
  A daeva (Abyss:4)
  6 tengu reavers
  Donald (Elf:1)
  An orc warlord (Orc:3)
  Wiglaf (Snake:5)
  6 frost giants
  A black sun (Pan)
  8 greater nagas (Snake:5)
  4 iron dragons
  18 vault wardens
  12 azure jellies
  Aizul (Snake:2)
  3 draconian knights (Abyss:4)
  3 draconian scorchers
  9 deep elf sorcerers
  5 emperor scorpions
  5 cacodemons
  5 balrugs (Pan)
  The ghost of MarvinPA the Thaumaturge, a mighty SpVM of Gozag (Snake:1)
  An angel (Abyss:4)
  Jorgrun (Depths:1)
  16 ironheart preservers
  7 reapers
  6 spriggan defenders
  A warmonger (Pan)
  2 war gargoyles
  A draconian caller (Depths:5)
  The ghost of Vidiiot the Grappler, a powerful TrAs of Makhleb (D:12)
  A grey draconian (Abyss:4)
  29 stone giants
  A vampire knight (Depths:3)
  23 very ugly things
  15 rakshasas
  13 dire elephants
  2 chaos champions (Pan)
  A green draconian (Depths:5)
  2 purple draconians (Depths:5)
  6 lorocyprocas
  2 white draconians (Depths:5)
  3 red draconians
  A yellow draconian (Abyss:3)
  5 deep elf annihilators
  A corrupter (Pan)
  7 deep elf demonologists
  6 blizzard demons
  A mottled draconian (Depths:5)
  2 unborn
  4 deep elf death magi (Elf:3)
  7 green deaths
  Snorg (Elf:2)
  An eidolon (Abyss:4)
  5 merfolk javelineers
  28 vault guards
  14 ettins
  A jiangshi (Vaults:2)
  5 death oozes
  A crystal guardian (Vaults:4)
  An orange crystal statue (WizLab)
  12 yaktaur captains
  18 fire dragons
  9 merfolk impalers
  3 minotaurs
  8 deep elf high priests
  15 great orbs of eyes
  7 hydras
  16 naga warriors
  13 ice dragons
  17 monstrous demonspawn
  A ghost crab (shapeshifter) (Vaults:5)
  6 merfolk avatars
  6 spriggan air magi
  2 alligator snapping turtles
  Erica (Lair:4)
  A hell beast (Pan)
  11 centaur warriors
  4 merfolk aquamancers
  15 dancing weapons (Elf:2)
  2 death knights (Depths:2)
  8 anacondas
  8 deep troll shamans
  19 ogre magi
  A satyr (Shoals:3)
  10 deep troll earth magi
  5 spriggan berserkers
  2 vampire magi
  6 orc high priests
  7 tengu warriors
  30 thrashing horrors
  4 hell hogs (Abyss:3)
  32 death yaks
  Urug (Elf:1)
  18 naga sharpshooters
  3 soul eaters
  67 large abominations
  4 shock serpents
  4 iron trolls
  18 wretched stars
  5 catoblepae
  5 salamander mystics
  A fire crab (Shoals:3)
  3 hell knights
  8 sun demons
  9 spatial maelstroms
  2 skeletal warriors (Depths:2)
  19 deep elf knights
  3 ice devils
  6 infernal demonspawn (Pan)
  2 shadow wraiths
  38 deep trolls
  A giant orange brain (shapeshifter) (Depths:4)
  15 sea snakes
  A fire crab (shapeshifter) (Vaults:2)
  A flayed ghost (Depths:2)
  18 deep elf summoners
  3 unseen horrors
  A death drake (Abyss:4)
  11 naga ritualists
  4 gelid demonspawn (Pan)
  12 harpies
  2 shadow demons
  13 hill giants
  2 necromancers
  24 deep elf conjurers
  8 giant orange brains
  5 phantasmal warriors
  9 orc sorcerers
  4 wizards
  A hornet (shapeshifter) (Elf:3)
  8 mana vipers
  A hill giant (shapeshifter) (Vaults:5)
  22 orc knights
  A harpy (shapeshifter) (Elf:1)
  55 ugly things
  A frost giant zombie (Abyss:3)
  12 griffons
  7 wolf spiders
  5 oklob plants (Lair:6)
  18 ironbrand convokers
  12 cyclopes
  A water nymph (shapeshifter) (Elf:3)
  A human zombie (Vaults:2)
  9 fauns
  2 hornets
  4 worldbinders
  2 elephants (shapeshifter)
  10 shining eyes
  2 water nymphs
  4 guardian serpents
  9 drowned souls
  A salamander (shapeshifter) (Depths:4)
  9 sixfirhies
  22 naga magi
  19 salamanders
  2 molten gargoyles (Volcano)
  9 sirens
  12 manticores
  Joseph (D:8)
  31 black mambas
  7 apocalypse crabs
  3 centaur zombies
  12 orange demons
  12 vault sentinels
  7 elephants
  4 torpor snails
  6 spiny frogs
  A titan simulacrum (Abyss:4)
  5 centaur skeletons
  2 rust devils
  A spiny frog (shapeshifter) (Depths:2)
  2 kobold demonologists
  42 smoke demons
  An eye of devastation (Slime:3)
  5 tormentors (Pan)
  A gargoyle (D:14)
  3 hellions
  18 hellwings
  2 jumping spiders
  10 komodo dragons
  A komodo dragon (shapeshifter) (Vaults:5)
  20 ancient zymes
  52 yaktaurs
  2 fire drakes (Lair:4)
  A tengu conjurer (Depths:4)
  6 efreet
  4 demonic crawlers
  6 freezing wraiths
  17 deep elf priests
  2 wind drakes (shapeshifter) (Vaults:5)
  45 merfolk
  13 red devils (Pan)
  27 blink frogs
  4 blue devils
  A giant leech (shapeshifter) (Vaults:5)
  A polar bear (Lair:3)
  44 raiju
  10 trolls
  3 wind drakes
  7 snapping turtles
  35 two-headed ogres
  11 ravens
  A fire vortex (Volcano)
  A troll (shapeshifter) (Vaults:3)
  A silent spectre (Abyss:4)
  6 boulder beetles
  76 slime creatures
  A trapdoor spider zombie (D:13)
  5 air elementals (Depths:5)
  A flying skull (Abyss:4)
  2 basilisks
  29 ynoxinuls
  4 trapdoor spiders
  9 redbacks
  A wyvern (shapeshifter) (Vaults:5)
  11 spriggans
  A fire giant simulacrum (Vaults:1)
  An ice dragon skeleton (Abyss:3)
  2 trapdoor spiders (shapeshifter)
  9 chaos spawn
  35 deep elf magi
  7 water elementals
  10 wraiths
  5 fire bats
  6 wyverns
  30 golden eyes
  Eustachio (D:8)
  2 tarantellas
  A yaktaur simulacrum (Vaults:3)
  2 shadows
  2 vampires
  16 vampire mosquitoes
  50 yaks
  7 hippogriffs
  40 deep elf fighters
  34 neqoxecs
  A golden eye (shapeshifter) (D:13)
  A fire elemental (Volcano)
  2 hungry ghosts
  5 insubstantial wisps (Abyss:3)
  3 hogs (Shoals:1)
  20 wolves
  20 water moccasins
  25 spatial vortices
  12 wargs
  3 hell hounds
  32 small abominations
  2 mottled dragons
  A soldier ant (shapeshifter) (Depths:2)
  53 nagas
  11 wasps
  8 ice beasts
  8 sky beasts
  9 porcupines
  2 phantoms
  72 ogres
  2 swamp drakes
  2 black bears
  12 centaurs
  5 eyes of draining
  48 orc warriors
  10 boggarts
  2 boring beetles (shapeshifter)
  22 crocodiles
  6 big kobolds
  Sigmund (D:3)
  Duvessa (D:7)
  7 brain worms
  18 giant frogs
  2 wyvern zombies
  A glowing shapeshifter simulacrum (Vaults:1)
  29 killer bees
  4 scorpions
  5 wights
  2 yak skeletons (Orc:4)
  A goliath beetle (D:10)
  Dowan (D:7)
  9 crimson imps
  11 quasits
  88 starcursed masses
  6 iguanas
  18 jellies
  A gnoll shaman (D:11)
  7 hounds
  A giant frog skeleton (D:10)
  2 giant frog zombies
  44 orc wizards
  40 orc priests
  8 iron imps
  A boulder beetle simulacrum (Vaults:1)
  9 hell rats
  8 worker ants
  2 killer bee zombies
  An ogre zombie (Orc:3)
  30 sheep
  A hound zombie (D:5)
  3 mummies
  18 adders
  14 gnolls
  57 river rats
  10 white imps
  2 worms (D:2)
  A giant eyeball (Pan)
  8 shadow imps
  34 ufetubi
  An adder zombie (D:7)
  230 orcs
  4 giant cockroaches
  47 goblins
  40 hobgoblins
  4 jackals
  35 kobolds
  11 quokkas
  A ball python (D:4)
  9 bats
  3 giant geckos
  3 giant newts
  A giant spore (D:10)
  A goblin zombie (D:4)
  A hobgoblin zombie (D:4)
  3 orc skeletons (D:4)
  5 orc zombies
  6 rats
  9 rat skeletons (Orc:4)
  6 ballistomycetes
  A bush (Shoals:5)
  2 crawling corpses (Depths:5)
  6 fungi
  A grand avatar (Pan)
  8 plants
  18 starspawn tentacles
  A starspawn tentacle segment (Abyss:1)
3629 creatures vanquished.

Vanquished Creatures (others)
  A deep elf master archer (Elf:3)
  An eldritch tentacle (Pan)
  A stone giant (Vaults:5)
  2 vault guards (Vaults:5)
  A small abomination (Depths:4)
  2 yaktaur captains (Vaults:5)
  A deep troll shaman (Depths:1)
  A centaur warrior (Depths:4)
  A deep elf summoner (Elf:3)
  A naga ritualist (Snake:5)
  An infernal demonspawn (Pan)
  39 drowned souls
  A smoke demon (Pan)
  8 yaktaurs
  A water elemental (Vaults:5)
  2 fire bats (Abyss:4)
  2 deep elf fighters (Elf:2)
  A vampire mosquito (Vaults:2)
  A centaur (D:15)
  2 lost souls (Elf:3)
  A giant frog (D:10)
  A jelly (Slime:3)
  3 ufetubi
  3 giant spores
  4 lurking horrors
  An orc zombie (Abyss:3)
  2 rat skeletons (Orc:4)
  90 eldritch tentacle segments (Pan)
  3 fungi (Lair:8)
  6 plants
  43 starspawn tentacles
  554 starspawn tentacle segments
781 creatures vanquished.

Grand Total: 4410 creatures vanquished

Notes
Turn   | Place    | Note
--------------------------------------------------------------
     0 | D:1      | dysrexia, the Vine Stalker Gladiator, began the quest for the Orb.
     0 | D:1      | Reached XP level 1. HP: 11/11 MP: 1/1
    71 | D:1      | Reached skill level 3 in Maces & Flails
   138 | D:1      | Reached XP level 2. HP: 15/15 MP: 3/3
   600 | D:2      | Found a shadowy altar of Dithmenos.
   818 | D:2      | Reached XP level 3. HP: 16/18 MP: 2/4
   886 | D:2      | Reached skill level 4 in Maces & Flails
   926 | D:2      | Found a burning altar of Makhleb.
  1043 | D:2      | Reached XP level 4. HP: 7/23 MP: 3/5
  1223 | D:3      | Noticed Sigmund
  1238 | D:3      | Killed Sigmund
  1238 | D:3      | Reached skill level 5 in Maces & Flails
  1238 | D:3      | Reached XP level 5. HP: 2/26 MP: 2/7
  1673 | D:4      | Gained mutation: You heal very quickly. [vine stalker growth]
  1673 | D:4      | Reached XP level 6. HP: 23/30 MP: 5/8
  1760 | D:4      | Reached skill level 6 in Maces & Flails
  2269 | D:4      | Reached skill level 7 in Maces & Flails
  2269 | D:4      | Reached XP level 7. HP: 14/34 MP: 6/9
  2474 | D:4      | Found a shattered altar of Ashenzari.
  2530 | D:4      | Became a worshipper of Ashenzari the Shackled
  2574 | D:4      | Found a glowing golden altar of the Shining One.
  2636 | D:4      | Found Jemour's General Store.
  2801 | D:5      | Entered Level 5 of the Dungeon
  2886 | D:5      | Got the flail "Plothaon" {elec, Dex+4}
  2887 | D:5      | Identified the +9 flail "Plothaon" {elec, Dex+4} (You found it on level 5 of the Dungeon)
  2907 | D:5      | Reached skill level 8 in Maces & Flails
  2928 | D:5      | HP: 1/34 [poisoned by a kobold]
  2934 | D:5      | HP: 1/34 [poisoned by a kobold]
  3107 | D:5      | Gained mutation: You have razor-sharp teeth. [vine stalker growth]
  3107 | D:5      | Reached XP level 8. HP: 23/38 MP: 8/11
  3137 | D:5      | Reached skill level 9 in Maces & Flails
  3421 | D:5      | Gained mutation: You are weak. (Str -2) [mutagenic meat]
  3475 | D:5      | Reached skill level 10 in Maces & Flails
  3702 | D:6      | Found Vaothrit's Antique Armour Emporium.
  3739 | D:6      | Found Aqouvvao's Book Boutique.
  3771 | D:6      | Reached XP level 9. HP: 24/42 MP: 8/12
  3808 | D:6      | Identified the cursed ring "Gootsid" {rF++ EV-6}
  3836 | D:6      | Found Uximub's Jewellery Shop.
  3842 | D:6      | Bought an uncursed ring of protection from cold for 325 gold pieces
  3903 | D:6      | Found a staircase to the Ecumenical Temple.
  4033 | D:6      | Found Thriff's Food Shop.
  4298 | D:6      | Found a stormy altar of Qazlal.
  4443 | D:7      | Reached skill level 11 in Maces & Flails
  4603 | D:7      | Noticed Dowan
  4604 | D:7      | Noticed Duvessa
  4611 | D:7      | Killed Duvessa
  4614 | D:7      | Killed Dowan
  4983 | D:8      | Found a deep blue altar of Sif Muna.
  5106 | D:8      | Noticed Eustachio
  5122 | D:8      | Killed Eustachio
  5122 | D:8      | Reached skill level 12 in Maces & Flails
  5232 | D:8      | Found a shimmering altar of Xom.
  5409 | D:8      | Found a radiant altar of Vehumet.
  5418 | D:8      | Reached XP level 10. HP: 46/46 MP: 13/13
  5474 | D:8      | Acquired Ashenzari's first power
  5573 | D:8      | Noticed Joseph
  5583 | D:8      | Killed Joseph
  6111 | D:9      | Reached skill level 5 in Fighting
  6143 | D:9      | Noticed a three-headed hydra
  6149 | D:9      | Killed a three-headed hydra
  6338 | D:9      | Found Itto's Magic Scroll Boutique.
  6370 | D:9      | Found a bloodstained altar of Trog.
  6372 | D:9      | Bought a scroll of remove curse for 42 gold pieces
  6372 | D:9      | Bought a scroll of fog for 28 gold pieces
  6372 | D:9      | Bought a scroll of silence for 105 gold pieces
  6372 | D:9      | Bought a scroll of identify for 28 gold pieces
  6372 | D:9      | Bought a scroll of identify for 28 gold pieces
  6493 | D:9      | Found an ancient bone altar of Kikubaaqudgha.
  6538 | D:9      | Reached XP level 11. HP: 52/60 MP: 11/15
  6655 | D:10     | Entered Level 10 of the Dungeon
  6776 | D:10     | Gained mutation: You are partially covered in molten scales (AC +1). [mutagenic meat]
  7077 | D:10     | Noticed a hill giant
  7080 | D:10     | Killed a hill giant
  7080 | D:10     | Reached skill level 10 in Fighting
  7096 | D:10     | Killed an unseen horror
  7118 | D:10     | Acquired Ashenzari's second power
  7302 | D:11     | Identified the cursed +1 hunting sling of Myiramn {freeze, rPois MR+ Int+6 Dex-3}
  7677 | D:11     | Found a staircase to the Lair.
  7691 | Lair:1   | Entered Level 1 of the Lair of Beasts
  7712 | Lair:1   | Found a dark tunnel.
  7732 | Volcano  | Entered a volcano
  7935 | Volcano  | Noticed a lindwurm
  8317 | Lair:1   | Noticed a five-headed hydra
  8327 | Lair:1   | Killed a five-headed hydra
  8327 | Lair:1   | Gained mutation: You regenerate. [vine stalker growth]
  8327 | Lair:1   | Reached XP level 12. HP: 43/71 MP: 10/16
  8384 | Lair:1   | Reached skill level 1 in Shields
  8388 | Lair:1   | Reached skill level 1 in Armour
  8533 | Lair:2   | Noticed a four-headed hydra
  8545 | Lair:2   | Killed a four-headed hydra
  8642 | Lair:2   | Acquired Ashenzari's third power
  9482 | Lair:3   | Reached skill level 5 in Dodging
  9503 | Lair:3   | Reached skill level 5 in Shields
  9612 | Lair:3   | Reached XP level 13. HP: 64/75 MP: 17/17
  9780 | Lair:4   | Reached skill level 5 in Armour
  9824 | Lair:4   | Acquired Ashenzari's fourth power
  9851 | Lair:4   | Noticed Erica
  9870 | Lair:4   | Killed Erica
 10983 | Lair:6   | Found a staircase to the Snake Pit.
 11117 | Lair:6   | Found a staircase to the Shoals.
 11662 | Lair:7   | Reached XP level 14. HP: 72/80 MP: 18/18
 12086 | Lair:8   | Entered Level 8 of the Lair of Beasts
 12819 | Lair:8   | Identified the cursed +1 eveningstar "Hell-Harrower" {pain, +Inv}
 13082 | Lair:8   | Learned a level 6 spell: Haste
 13632 | D:11     | Found Uple Gess' Assorted Antiques.
 13697 | D:12     | Found a large runed door.
 13699 | D:12     | Found a large runed door.
 13781 | D:12     | Learned a level 1 spell: Apportation
 13799 | D:12     | Found a large runed door.
 13799 | D:12     | Found a large runed door.
 13815 | D:12     | Reached XP level 15. HP: 72/84 MP: 19/19
 13903 | D:12     | Identified a scroll of acquirement
 13915 | D:12     | Identified the +1 robe of Skerrigg {rPois Slay+2}
 14143 | D:12     | Reached skill level 10 in Shields
 14161 | D:12     | Reached skill level 1 in Charms
 14610 | D:12     | Noticed Vidiiot's ghost (powerful TrAs)
 14623 | D:12     | Killed Vidiiot's ghost
 14666 | D:12     | Found a staircase to the Orcish Mines.
 15102 | D:6      | Bought the ring of Bloitrirph {Fire +Inv MR+ Str+2 Slay+3} for 798 gold pieces
 15469 | Orc:1    | Entered Level 1 of the Orcish Mines
 15469 | Orc:1    | Found Not Xoy's Book Shop.
 15842 | Orc:2    | Found a roughly hewn altar of Beogh.
 15850 | Orc:2    | Reached skill level 13 in Maces & Flails
 16051 | Orc:1    | Found a bloodstained altar of Trog.
 16403 | Orc:3    | Found a staircase to the Elven Halls.
 16684 | Orc:4    | Entered Level 4 of the Orcish Mines
 17001 | Orc:4    | Found Jiedghim's Book Boutique.
 17058 | Orc:4    | Found a roughly hewn altar of Beogh.
 17205 | Orc:4    | Cast into the Abyss (orc warrior)
 17543 | Abyss:1  | Found a corrupted altar of Lugonu.
 17552 | Abyss:1  | Reached skill level 5 in Charms
 17603 | Abyss:1  | Reached skill level 14 in Maces & Flails
 17660 | Abyss:1  | Noticed a tentacled starspawn
 17677 | Abyss:1  | Killed a tentacled starspawn
 17790 | Abyss:1  | Noticed a bone dragon
 17803 | Abyss:1  | Identified the +3 dagger of Schog {freeze, Contam Int+3 Stlth+}
 17941 | Abyss:1  | Noticed a tentacled starspawn
 17953 | Abyss:1  | Killed a tentacled starspawn
 17953 | Abyss:1  | Reached XP level 16. HP: 59/88 MP: 20/20
 18177 | Orc:4    | Escaped the Abyss
 18453 | Orc:4    | Reached skill level 15 in Maces & Flails
 18519 | Orc:4    | Found Siafunen's Weapon Boutique.
 18519 | Orc:4    | Found Kellitoanack's Assorted Antiques.
 18520 | Orc:4    | Found Yping's Book Boutique.
 18521 | Orc:4    | Found Klo Raib's Distillery.
 18532 | Orc:4    | Bought a fizzy blue potion for 18 gold pieces
 18532 | Orc:4    | Bought a scroll of remove curse for 63 gold pieces
 18970 | Snake:1  | Entered Level 1 of the Snake Pit
 19042 | Snake:1  | Reached skill level 1 in Spellcasting
 19379 | Snake:1  | Found a glowing golden altar of the Shining One.
 19495 | Snake:1  | Noticed MarvinPA's ghost (mighty SpVM)
 19515 | Snake:1  | Killed MarvinPA's ghost
 19869 | Snake:2  | Noticed Aizul
 19883 | Snake:2  | Killed Aizul
 20275 | Snake:3  | Found a white marble altar of Elyvilon.
 20339 | Snake:3  | Reached skill level 16 in Maces & Flails
 20537 | Snake:3  | Reached skill level 5 in Spellcasting
 20989 | Snake:4  | Found Baivuff's Antique Weapon Shop.
 21122 | Snake:4  | Reached XP level 17. HP: 93/93 MP: 30/30
 21360 | Snake:4  | Noticed Vashnia
 21711 | Snake:5  | Entered Level 5 of the Snake Pit
 21994 | Snake:5  | Reached skill level 17 in Maces & Flails
 22110 | Snake:5  | Noticed Wiglaf
 22134 | Snake:5  | Killed Wiglaf
 22887 | Snake:5  | Reached skill level 18 in Maces & Flails
 22893 | Snake:5  | Reached XP level 18. HP: 23/98 MP: 30/34
 23208 | Snake:5  | Got a serpentine rune of Zot
 23377 | Snake:4  | Killed Vashnia
 23481 | Snake:3  | Learned a level 6 spell: Statue Form
 23930 | Shoals:1 | Entered Level 1 of the Shoals
 23964 | Shoals:1 | Noticed Kirke
 23986 | Shoals:1 | Killed Kirke
 24729 | Shoals:2 | Found Naegg's Jewellery Shoppe.
 25313 | Shoals:3 | Identified the Grimoire of Arcane Weapons (You found it on level 3 of the Shoals)
 25446 | Shoals:3 | Identified the cursed -1 leather armour of Trumpets {rPois rC++ Str-4 SInv}
 25626 | Shoals:4 | Noticed Rupert
 25650 | Shoals:4 | Killed Rupert
 25650 | Shoals:4 | Reached skill level 10 in Dodging
 25676 | Shoals:4 | Noticed Roxanne
 25708 | Shoals:4 | Noticed Polyphemus
 26025 | Shoals:3 | Killed Polyphemus
 26112 | Shoals:4 | Reached skill level 10 in Armour
 26120 | Shoals:4 | Reached XP level 19. HP: 84/103 MP: 32/36
 26179 | Shoals:4 | Identified the Reference Book on the Boosting Glacier
 26190 | Shoals:4 | Learned a level 3 spell: Regeneration
 26427 | Shoals:5 | Entered Level 5 of the Shoals
 26430 | Shoals:5 | Noticed Frances
 26441 | Shoals:5 | Killed Frances
 26524 | Shoals:5 | Got a barnacled rune of Zot
 26767 | Shoals:5 | Noticed Agnes
 26790 | Shoals:5 | Noticed Ilsuiw
 27773 | D:13     | Found a roughly hewn altar of Beogh.
 28269 | D:14     | Found a gate to the Vaults.
 28345 | D:14     | Found Ycomott's Magic Scroll Emporium.
 28351 | D:14     | Bought a scroll of silence for 82 gold pieces
 28351 | D:14     | Bought a scroll of enchant weapon for 82 gold pieces
 28351 | D:14     | Bought a scroll of enchant armour for 82 gold pieces
 28351 | D:14     | Bought 2 scrolls of remove curse for 66 gold pieces
 28351 | D:14     | Bought a scroll of remove curse for 33 gold pieces
 28501 | D:14     | Found Threchasm's Magic Scroll Emporium.
 28511 | D:14     | Bought a scroll of blinking for 105 gold pieces
 28643 | D:14     | Found Atsoas' Book Emporium.
 28692 | D:15     | Entered Level 15 of the Dungeon
 29184 | D:15     | Found Maodigro's Armour Shoppe.
 29212 | D:15     | Bought the +1 pair of boots "Cevuj" {Int+7} for 405 gold pieces
 29235 | D:15     | Found a staircase to the Depths.
 29429 | Vaults:1 | Entered Level 1 of the Vaults
 29632 | Vaults:1 | Found a magical portal.
 29642 | WizLab   | Entered Wucad Mu's Monastery
 30106 | WizLab   | Gained mutation: You possess an exceptional clarity of mind. [potion of beneficial mutation]
 30107 | WizLab   | Reached XP level 20. HP: 110/110 MP: 36/36
 30222 | Vaults:1 | Reached XP level 21. HP: 109/114 MP: 34/37
 30764 | Vaults:1 | Identified the +8 hand axe of Desertification {chop, +Blink rC+ Dex-5}
 31106 | Vaults:2 | Found a staircase to the Crypt.
 31769 | Vaults:2 | Noticed Asterion
 31778 | Vaults:2 | Killed Asterion
 32697 | Vaults:3 | Reached XP level 22. HP: 117/121 MP: 37/37
 32791 | Vaults:3 | Gained mutation: You expend magic power (3 MP) to slightly strengthen your wands. [potion of mutation]
 32791 | Vaults:3 | Gained mutation: You are frail (-10% HP). [potion of mutation]
 32791 | Vaults:3 | Gained mutation: You are clumsy. (Dex -2) [potion of mutation]
 32861 | Vaults:3 | Gained mutation: You can translocate small distances at will. [mutagenic meat]
 32862 | Vaults:3 | Lost mutation: You are clumsy. (Dex -2) [mutagenic meat]
 32863 | Vaults:3 | Lost mutation: You possess an exceptional clarity of mind. [mutagenic meat]
 32907 | Vaults:3 | Lost mutation: You are weak. (Str -2) [potion of cure mutation]
 32907 | Vaults:3 | Lost mutation: You expend magic power (3 MP) to slightly strengthen your wands. [potion of cure mutation]
 32907 | Vaults:3 | Lost mutation: You are frail (-10% HP). [potion of cure mutation]
 32907 | Vaults:3 | Lost mutation: You can translocate small distances at will. [potion of cure mutation]
 32907 | Vaults:3 | Lost mutation: You are partially covered in molten scales (AC +1). [potion of cure mutation]
 33285 | Vaults:3 | Reached skill level 15 in Fighting
 33818 | Vaults:4 | Found Mabicub's Antique Weapon Boutique.
 34329 | Vaults:4 | Noticed Boris
 34501 | Vaults:4 | Killed Boris
 35143 | Elf:1    | Entered Level 1 of the Elven Halls
 35211 | Elf:1    | Noticed Donald
 35221 | Elf:1    | Killed Donald
 35367 | Elf:1    | Identified the +3 ring mail "Ynla" {+Fly rC++ Str-3 Int-2 SInv}
 35683 | Elf:1    | Noticed Urug
 35699 | Elf:1    | Killed Urug
 35971 | Elf:2    | Noticed Saint Roka
 35985 | Elf:2    | Killed Saint Roka
 35985 | Elf:2    | Reached XP level 23. HP: 111/128 MP: 35/38
 36018 | Elf:2    | Noticed Norris
 36041 | Elf:2    | Killed Norris
 36114 | Elf:2    | Found a huge runed gate.
 36114 | Elf:2    | Found a huge runed gate.
 36114 | Elf:2    | Found a huge runed gate.
 36115 | Elf:2    | Found a huge runed gate.
 36115 | Elf:2    | Found a huge runed gate.
 36305 | Elf:2    | Reached skill level 15 in Armour
 36391 | Elf:2    | Noticed Snorg
 36396 | Elf:2    | Killed Snorg
 36472 | Elf:3    | Entered Level 3 of the Elven Halls
 36728 | Elf:3    | Found Kludiedo's Weapon Emporium.
 36739 | Elf:3    | Identified the +0 pair of boots "Pomawi Vekoe" {-Cast +Fly rF+ Regen+ Dex-3}
 37342 | Elf:3    | Identified the ring "Toanoblo" {rPois MR+ Str+3 Int-4}
 37343 | Elf:3    | Identified the cursed -2 mace of Calamity {crush, rC+}
 37343 | Elf:3    | Identified the ring "Nompipsa" {rPois Str+4 Int+2 Dex+2}
 37343 | Elf:3    | Identified the +5 war axe "Killer Klown's Peril" {chop, -Cast +Inv rElec rF+ Int+7}
 37374 | Elf:3    | Gained mutation: You have large cloven feet. [potion of beneficial mutation]
 37409 | Elf:3    | Identified the ring of Harmony {Contam rElec MP+9 Str+9 SInv}
 37413 | Elf:3    | Identified the +0 leather armour "Twuiwoom" {-Cast rC+ rN++ MR+}
 37422 | Elf:3    | Identified the +8 mace of Sanut {pain, *Rage rElec rF+ rN+ MP+9}
 37438 | Elf:3    | Identified the Collected Works on the Frostbite
 37452 | Elf:3    | Identified the ring "Zuonij" {rElec rPois Str+7 Stlth-}
 38240 | Depths:1 | Entered Level 1 of the Depths
 38240 | Depths:1 | Noticed Jorgrun
 38250 | Depths:1 | Killed Jorgrun
 38250 | Depths:1 | Reached skill level 1 in Necromancy
 38577 | Depths:1 | Noticed Nikola
 38584 | Depths:1 | Killed Nikola
 38800 | Depths:1 | Found a gateway to Hell.
 38876 | Depths:2 | Reached skill level 10 in Charms
 38883 | Depths:2 | Identified the ring "Kuff" {rC+ Dex+4 Stlth-} (You took it off an orc on level 2 of the Depths)
 38915 | Depths:2 | Identified the -1 demon trident of Massacring {vamp, rC- Dex+8}
 38919 | Depths:2 | Reached XP level 24. HP: 133/135 MP: 38/38
 38920 | Depths:2 | Reached skill level 19 in Maces & Flails
 38991 | Depths:2 | Identified the ring of Pij Pulu {Str+4 Stlth-}
 39107 | Depths:2 | Identified the ring of Wat Osest {+Inv rElec rF- rC+ MP+9 Str+3} (You took it off an orc high priest on level 2 of the Depths)
 39339 | Depths:2 | Found a gateway to a ziggurat.
 39491 | Depths:2 | Found Strapn's Jewellery Shop.
 39846 | Depths:3 | Gained mutation: You are partially covered in iridescent scales (AC +4). [potion of beneficial mutation]
 39975 | Depths:3 | Identified the amulet of Strifar {Stasis rF- MR++ Int+2}
 39996 | Depths:3 | Reached skill level 20 in Maces & Flails
 40289 | Depths:3 | Noticed Frederick
 40301 | Depths:3 | Killed Frederick
 40316 | Depths:3 | Found a portal to a secret trove of treasure.
 40321 | Depths:3 | You paid a toll of 14 scrolls of teleportation to enter a treasure trove
 40322 | Trove    | Entered a treasure trove
 40325 | Trove    | Identified the cursed -2 mace of the Eggplant {elec, +Rage rN+}
 40325 | Trove    | Identified the cursed +2 eveningstar "Lifebane" {crush, rN++ Str+2 Int-2 Dex+11 Stlth-}
 40327 | Trove    | Identified the +8 falchion of Qycyupp {flame, rElec rN+ Str-5 Int-4 Stlth+}
 40327 | Trove    | Identified the +11 mace of Guekkiets {drain, Dex+2}
 40442 | Depths:3 | Found a one-way gate leading to the halls of Pandemonium.
 40590 | Depths:3 | Reached XP level 25. HP: 130/139 MP: 39/39
 40755 | Depths:4 | Identified a +6 rod of the swarm (12/12)
 40967 | Depths:4 | Found a flickering gateway to a bazaar.
 40974 | Bazaar   | Entered a bazaar
 40974 | Bazaar   | Found Gedinn's Magic Scroll Boutique.
 40974 | Bazaar   | Found Doizoc's Antique Armour Shoppe.
 40974 | Bazaar   | Found Keojeita's General Store.
 40975 | Bazaar   | Found Utouriek's Book Shoppe.
 40976 | Bazaar   | Found Klaem's Magic Scroll Shop.
 41008 | Bazaar   | Bought a scroll of remove curse for 24 gold pieces
 41008 | Bazaar   | Bought a scroll of enchant armour for 60 gold pieces
 41008 | Bazaar   | Bought a scroll of remove curse for 24 gold pieces
 41008 | Bazaar   | Bought a scroll of identify for 16 gold pieces
 41008 | Bazaar   | Bought a scroll of teleportation for 24 gold pieces
 41008 | Bazaar   | Bought a scroll of remove curse for 24 gold pieces
 41019 | Bazaar   | Bought a scroll of teleportation for 21 gold pieces
 41019 | Bazaar   | Bought a scroll of identify for 14 gold pieces
 41022 | Bazaar   | Bought a scroll of teleportation for 33 gold pieces
 41022 | Bazaar   | Bought a scroll of brand weapon for 220 gold pieces
 41022 | Bazaar   | Bought a scroll of magic mapping for 38 gold pieces
 41022 | Bazaar   | Bought a scroll of magic mapping for 38 gold pieces
 41022 | Bazaar   | Bought a scroll of blinking for 82 gold pieces
 41022 | Bazaar   | Bought 2 scrolls of enchant armour for 165 gold pieces
 41027 | Bazaar   | Bought a sapphire-encrusted plate armour for 616 gold pieces
 41027 | Bazaar   | Identified the +9 plate armour of Hiwnugho {rF+ rN++ Str+4 Dex-3} (You bought it in a shop in a bazaar)
 41126 | Depths:4 | Found Avuhuew's Book Boutique.
 41388 | Depths:4 | Found Gad Irai's Food Boutique.
 41395 | Depths:4 | Found Nourgh's Distillery.
 41418 | Depths:4 | Found a one-way gate to the infinite horrors of the Abyss.
 41592 | Depths:4 | Reached skill level 21 in Maces & Flails
 41726 | Depths:5 | Entered Level 5 of the Depths
 42193 | Depths:5 | Reached XP level 26. HP: 138/144 MP: 39/39
 42327 | Depths:5 | Found a gate to the Realm of Zot.
 43429 | Vaults:5 | Entered Level 5 of the Vaults
 43607 | Vaults:5 | Reached skill level 15 in Dodging
 43767 | Vaults:5 | Identified the +11 short sword "Evuirgh" {speed, rElec rPois rF+ Str-3 Int-4} (You took it off a vault warden on level 5 of the Vaults)
 43818 | Vaults:5 | Got a silver rune of Zot
 44152 | Vaults:5 | Identified the +8 great sword of Xajapt {slice, rC+ Int+4} (You took it off a vault warden on level 5 of the Vaults)
 44156 | Vaults:5 | Identified the cursed -3 leather armour of Servitude {Str+4 Slay-5}
 44308 | Vaults:5 | Identified the +10 dire flail "Meoczep" {crush, rF+ rN+ Dex+2 Stlth+} (You took it off an ironbrand convoker on level 5 of the Vaults)
 44317 | Vaults:5 | Identified the Handbook of Arcane Weapons and Flames (You found it on level 5 of the Vaults)
 44384 | Vaults:5 | Reached XP level 27. HP: 150/150 MP: 40/40
 44542 | Vaults:5 | Identified the +7 shortbow of Interdependent Arising {flame, rF+ rN+}
 45285 | Lair:6   | Found a staircase to the Slime Pits.
 45323 | Slime:1  | Entered Level 1 of the Pits of Slime
 45381 | Slime:2  | Gained mutation: You are dopey. (Int -2) [a shining eye]
 45633 | Slime:4  | Reached skill level 5 in Necromancy
 45662 | Slime:5  | Gained mutation: You tend to lose your temper in combat. [a shining eye]
 45784 | Slime:6  | Entered Level 6 of the Pits of Slime
 45823 | Slime:6  | Found a viscous altar of Jiyva.
 45826 | Slime:6  | Noticed the royal jelly
 45835 | Slime:6  | Killed the royal jelly
 45836 | Slime:6  | Identified the +11 mace "Fish" {venom, +Blink rElec rF-}
 45836 | Slime:6  | Identified the +2 leather armour of Cowardice {Dex+2}
 45836 | Slime:6  | Identified the ring of Sesuvo {-Cast -Tele rC+ MP+9 Int+3 Dex+4}
 45836 | Slime:6  | Identified the cursed -4 scale mail "Ileag" {rPois Dex+3 SInv}
 45859 | Slime:6  | Noticed abixa's ghost (legendary OgBe)
 45978 | Slime:6  | Killed abixa's ghost
 45997 | Slime:6  | Gained mutation: You occasionally shout uncontrollably at your foes. [a shining eye]
 45999 | Slime:6  | Gained mutation: Scrolls take you a little longer to read. [a shining eye]
 46001 | Slime:6  | Gained mutation: You are very dopey. (Int -4) [a shining eye]
 46160 | Slime:6  | Identified the cursed -4 chain mail of Space {-Cast rF+ rN+}
 46172 | Slime:6  | Gained mutation: You are clumsy. (Dex -2) [a shining eye]
 46182 | Slime:6  | Reached skill level 22 in Maces & Flails
 46232 | Slime:6  | Reached skill level 15 in Shields
 46288 | Slime:6  | Gained mutation: You often lose your temper in combat. [a shining eye]
 46291 | Slime:6  | Gained mutation: Your body is slowly deteriorating. [a shining eye]
 46335 | Slime:6  | Identified the +6 quarterstaff "Tatwiapi" {holy, Contam +Blink rElec rF+ Dex-2}
 46337 | Slime:6  | Identified the ring "Psol" {+Fly MR+ Stlth-}
 46337 | Slime:6  | Identified the +0 whip of Qazlal's Anger {holy, +Inv}
 46353 | Slime:6  | Got a slimy rune of Zot
 46425 | Slime:6  | Learned a level 2 spell: Repel Missiles
 46518 | Slime:6  | Identified the Tome of Battle Magic and Heat (You found it on level 6 of the Pits of Slime)
 46781 | Lair:1   | Lost mutation: You are very dopey. (Int -4) [potion of cure mutation]
 46781 | Lair:1   | Lost mutation: You often lose your temper in combat. [potion of cure mutation]
 46781 | Lair:1   | Lost mutation: You tend to lose your temper in combat. [potion of cure mutation]
 46781 | Lair:1   | Lost mutation: You are clumsy. (Dex -2) [potion of cure mutation]
 46781 | Lair:1   | Lost mutation: You are dopey. (Int -2) [potion of cure mutation]
 46877 | Lair:1   | Learned a level 6 spell: Deflect Missiles
 47195 | Pan      | Entered Pandemonium
 47210 | Pan      | Reached skill level 1 in Air Magic
 47549 | Pan      | Found an exit through the horrors of the Abyss.
 47561 | Pan      | Noticed Theoffac the pandemonium lord
 47832 | Pan      | Killed Theoffac the pandemonium lord
 47874 | Pan      | Got a demonic rune of Zot
 47973 | Pan      | Noticed Irougroi the pandemonium lord
 47989 | Pan      | Killed Irougroi the pandemonium lord
 48096 | Pan      | Found an exit through the horrors of the Abyss.
 48413 | Pan      | Noticed Hizamp the pandemonium lord
 48536 | Pan      | Found an exit through the horrors of the Abyss.
 48599 | Pan      | Noticed Enlikhoe the pandemonium lord
 48630 | Pan      | Found an exit through the horrors of the Abyss.
 48649 | Pan      | Paralysed by a giant eyeball for 3 turns
 48665 | Pan      | Killed Enlikhoe the pandemonium lord
 48725 | Pan      | Took an exit into the Abyss.
 48725 | Abyss:1  | Escaped into the Abyss
 48725 | Abyss:1  | Found a corrupted altar of Lugonu.
 49082 | Abyss:3  | Found an ancient bone altar of Kikubaaqudgha.
 49324 | Abyss:3  | Identified the cursed +1 flail of Duty {flame, rC+ Int+3}
 49392 | Abyss:3  | Paralysed by accursed screaming for 1 turns
 49402 | Abyss:3  | Paralysed by accursed screaming for 2 turns
 49459 | Abyss:3  | Reached skill level 5 in Air Magic
 49982 | Abyss:3  | Paralysed by accursed screaming for 2 turns
 49992 | Abyss:3  | Paralysed by accursed screaming for 2 turns
 50014 | Abyss:3  | Paralysed by accursed screaming for 2 turns
 50215 | Abyss:3  | Found a corrupted altar of Lugonu.
 50814 | Abyss:4  | Identified a +0 rod of destruction (13/13)
 50950 | Abyss:4  | Gained mutation: Armour fits poorly on your strangely shaped body. [a cacodemon]
 51420 | Abyss:4  | Paralysed by accursed screaming for 1 turns
 51438 | Abyss:4  | Paralysed by accursed screaming for 1 turns
 51469 | Abyss:4  | Identified the +7 trident of Sloth {flame, Contam +Blink rF+ Str+3}
 51586 | Abyss:4  | Found a corrupted altar of Lugonu.
 51797 | Abyss:4  | Paralysed by you for 4 turns
 52146 | Abyss:4  | Found a bloodstained altar of Trog.
 52314 | Abyss:4  | Lost intelligence.
 52419 | Abyss:4  | Got an abyssal rune of Zot
 52471 | Depths:3 | Escaped the Abyss
 52511 | Pan      | Entered Pandemonium
 52599 | Pan      | Reached skill level 23 in Maces & Flails
 52657 | Pan      | Entered the realm of Mnoleg.
 52799 | Pan      | Identified the +4 ring mail "Blofodas" {rC+ MP-9 Int+3}
 52926 | Pan      | Noticed Mnoleg
 52948 | Pan      | Killed Mnoleg
 52948 | Pan      | Reached skill level 10 in Air Magic
 52972 | Pan      | Got a glowing rune of Zot
 53090 | Pan      | Found an exit through the horrors of the Abyss.
 53159 | Pan      | Noticed Yduybel the pandemonium lord
 53159 | Pan      | Found an exit through the horrors of the Abyss.
 53169 | Pan      | Killed Yduybel the pandemonium lord
 53312 | Pan      | Noticed Gounn the pandemonium lord
 53328 | Pan      | HP: 1/156 [singularity/gravitational forces[Gounn] (10)]
 53330 | Pan      | Killed from afar by a singularity

Action                   |  1- 3 |  4- 6 |  7- 9 | 10-12 | 13-15 | 16-18 | 19-21 | 22-24 | 25-27 || total
-------------------------+-------+-------+-------+-------+-------+-------+-------+-------+-------++-------
Melee: Flail             |    65 |   192 |   334 |   548 |  1439 |  1444 |   234 |       |       ||  4256
       Morningstar       |       |       |       |       |       |       |  1188 |   767 |       ||  1955
       Eveningstar       |       |       |       |       |       |       |       |   594 |  3341 ||  3935
Throw: Throwing net      |       |       |       |       |       |     1 |       |       |       ||     1
 Cast: Regeneration      |       |       |       |       |       |       |       |       |    32 ||    32
       Haste             |       |       |       |       |       |       |       |       |    16 ||    16
       Repel Missiles    |       |       |       |       |       |       |       |       |     1 ||     1
Invok: Scrying           |       |       |       |       |       |       |     1 |     3 |     5 ||     9
Evoke: Wand              |       |       |       |       |       |     4 |       |       |    10 ||    14
       Disc of storms    |       |       |       |       |       |       |       |       |     2 ||     2
       Phial of floods   |       |       |       |       |       |       |       |       |     1 ||     1
  Use: Scroll            |     4 |     4 |    13 |     8 |    17 |    12 |     7 |    27 |    28 ||   120
       Potion            |       |     1 |       |       |     1 |     4 |     4 |     5 |     6 ||    21
 Stab: Petrifying        |       |       |       |       |     2 |       |       |       |     1 ||     3
       Held in net/web   |       |       |       |       |       |     3 |       |       |       ||     3
       Petrified         |       |       |       |       |       |     3 |       |       |       ||     3
       Invisible         |       |       |       |       |       |       |     1 |     1 |       ||     2
       Distracted        |       |       |       |       |       |       |       |     2 |     1 ||     3
  Eat: Chunk             |       |     4 |    12 |    13 |    22 |    25 |    14 |    18 |    13 ||   121
       Fruit             |       |       |       |     1 |     3 |     1 |    11 |    13 |    11 ||    40
       Royal jelly       |       |       |       |     1 |     1 |     1 |       |       |     1 ||     4
       Beef jerky        |       |       |       |       |     1 |       |       |       |     6 ||     7
       Pizza             |       |       |       |       |       |       |       |     1 |     2 ||     3
       Meat ration       |       |       |       |       |       |       |       |       |     2 ||     2
       Bread ration      |       |       |       |       |       |       |       |       |     3 ||     3
